 Dungeon Crawl Stone Soup version 0.25.0-9-g26727b657a (webtiles) character file.

Game seed: 2334087117709745323

77464 Peloso the Peltast (level 15, -2/95 HPs)
             Began as a Minotaur Fighter on June 20, 2020.
             Was a Believer of Okawaru.
             Killed from afar by a starcursed mass (7 damage)
             ... with an accursed screaming
             ... on level 2 of the Abyss on June 21, 2020.
             The game lasted 00:58:06 (24073 turns).

Peloso the Peltast (Minotaur Fighter)              Turns: 24073, Time: 00:58:06

Health: -2/95      AC: 25    Str: 25    XL:     15   Next: 15%
Magic:  16/16      EV:  8    Int:  5    God:    Okawaru [**....]
Gold:   886        SH: 29    Dex: 11    Spells: 14/14 levels left

rFire    . . .     SeeInvis +   a - +10 double sword "Ukuys" {vorpal, Dex+3 SInv}
rCold    . . .     Gourm    .   c - +2 tower shield
rNeg     . . .     Faith    .   w - +0 plate armour
rPois    +         Spirit   .   (helmet restricted)
rElec    .         Reflect  +   K - +1 cloak {Stlth+}
rCorr    .         Harm     .   z - +2 pair of gloves
MR       +....                  W - +1 pair of boots {Stlth+}
Stlth    ..........             t - amulet of reflection
HPRegen  0.25/turn              C - ring of poison resistance
MPRegen  0.15/turn              (no ring)

@: hasted, silenced, very quick
A: retaliatory headbutt, horns 2, [blurry vision 2], [clumsy 2], [deterioration
2], [frail 3]
a: Renounce Religion


You were on level 2 of the Abyss.
You worshipped Okawaru.
Okawaru was pleased with you.
You were hungry.

You visited 3 branches of the dungeon, and saw 19 of its levels.
You visited the Abyss 1 time.
You also visited: Trove.

You collected 988 gold pieces.
You spent 102 gold pieces at shops.

Inventory:

Hand Weapons
 a - the +10 double sword "Ukuys" (weapon) {vorpal, Dex+3 SInv}
   (You found it in a treasure trove)

   It inflicts extra damage upon your enemies.
   It affects your dexterity (+3).
   It lets you see invisible.
 b - a +3 vampiric demon blade
 e - the +7 lajatang of Order {silver, rMut}
   (You found it in a treasure trove)

   It protects you from mutation.
 h - the +1 rapier of Yteem {venom, rF+ Int+2 Stlth+}
   (You found it in a treasure trove)

   It poisons the flesh of those it strikes.
   It affects your intelligence (+2).
   It protects you from fire.
   It makes you more stealthy.
 j - the +1 falchion "Zaucifru" {vamp, MR++ Int+2}
   (You found it in a treasure trove)

   It inflicts no extra harm, but heals its wielder when it wounds a living foe.
   It affects your intelligence (+2).
   It affects your resistance to hostile enchantments.
Missiles
 g - 53 bolts
Armour
 c - a +2 tower shield (worn)
 w - a +0 plate armour (worn)
 z - a +2 pair of gloves (worn)
 K - a +1 cloak of stealth (worn)
 W - a +1 pair of boots of stealth (worn)
Jewellery
 t - an amulet of reflection (around neck)
 C - a ring of poison resistance (left hand)
 U - an uncursed ring of protection from cold
Wands
 G - a wand of digging (3)
Scrolls
 i - a scroll of blinking
 n - a scroll of identify
 A - 5 scrolls of remove curse
 Q - a scroll of brand weapon {unknown}
 S - 2 scrolls of magic mapping
 T - 2 scrolls of noise
 V - a scroll of fear
Potions
 d - 3 potions of might
 l - a potion of cancellation {unknown}
 x - a potion of curing
 B - 2 potions of flight
 N - 2 potions of resistance
 X - a potion of heal wounds
Comestibles
 f - 34 rations


   Skills:
 + Level 13.3 Fighting
 + Level 16.4 Long Blades
 + Level 13.7 Armour
 + Level 4.0 Dodging
 + Level 2.4 Stealth
 + Level 17.9 Shields
 + Level 0.6 Unarmed Combat
 + Level 3.8 Invocations
 + Level 0.5 Evocations


You had 14 spell levels left.
You didn't know any spells.
Your spell library contained the following spells:

 Spells                   Type           Power        Failure   Level  Hunger
 Magic Dart               Conj           #...         100%        1    ##.....
 Sandblast                Erth           #.....       100%        1    ##.....
 Sting                    Tmut/Pois      #...         100%        1    ##.....
 Blink                    Tloc           N/A          100%        2    ###....
 Call Imp                 Summ           #.......     100%        2    ###....
 Passwall                 Tmut/Erth      #.......     100%        2    ###....
 Poisonous Vapours        Pois/Air       #.....       100%        2    ###....
 Slow                     Hex            #.......     100%        2    ###....
 Call Canine Familiar     Summ           #.......     100%        3    ####...
 Conjure Flame            Conj/Fire      #.......     100%        3    ####...
 Ignite Poison            Fire/Tmut/Pois #.......     100%        3    ####...
 Mephitic Cloud           Conj/Pois/Air  #.......     100%        3    ####...
 Stone Arrow              Conj/Erth      #.....       100%        3    ####...
 Tukima's Dance           Hex            #.......     100%        3    ####...
 Cause Fear               Hex            #.........   100%        4    #####..
 Olgreb's Toxic Radiance  Pois           #.......     100%        4    #####..
 Petrify                  Tmut/Erth      #.......     100%        4    #####..
 Lee's Rapid Deconstruct  Erth           #.........   100%        5    ######.
 Silence                  Hex/Air        #.........   100%        5    ######.
 Yara's Violent Unravell  Hex/Tmut       #.........   100%        5    ######.
 Discord                  Hex            #.........   100%        8    #######


Dungeon Overview and Level Annotations

Branches:
Dungeon (15/15)            Temple (1/1) D:4            Lair (3/6) D:8
  Swamp (0/4) Lair:2          Orc (0/2) D:11         Vaults (0/5) D:14
  Snake: Lair:2-4    Spider: Lair:2-4    Depths: D:15

Altars:
Ashenzari
Elyvilon
Hepliaklqana
Makhleb
Nemelex Xobeh
Okawaru
Ru
Sif Muna
Trog
Uskayaw
Vehumet
Wu Jian
Xom
Yredelemnul
Zin

Shops:
D:4 %   D:6 *   D:9 ?   D:11 (   D:14 %

Annotations:
D:8 2 transporters, triki's ghost, novice CeAM
D:15 Louise


Innate Abilities, Weirdness & Mutations

You reflexively headbutt those who attack you in melee.
You have a pair of horns on your head.
[Scrolls take you longer to read.]
[You are very clumsy. (Dex -4)]
[Your body often deteriorates upon taking damage.]
[You are extremely frail. (-30% HP)]


Message History

The hellwing is almost dead.
You block the hellwing's attack.
The hellwing hits you but does no damage.
Unknown command.
You slash the hellwing!
You kill the hellwing!
Okawaru accepts your kill.
The rakshasa weaves an illusion.
The raiju shimmers and seems to become two!
Unknown command.
You slash the raiju!
You kill the raiju!
The raiju's corpse shimmers and vanishes!
Unknown command.
The raiju bursts into living lightning!
The living lightning hits you!
* * * LOW HITPOINT WARNING * * *
The raiju blinks!
The starcursed mass shrieks in your mind.
You die...

.4# # . ..# ..
#..#. # .## #.#W#
....... . .4 ...
..R . #...#.#. .
#. #W# #.
..#..#..#. .# ..
#.##...X###......
. . #. .. h.#R...
.# # .○ ☼#.#°X.#
. .. . ######)##
# ## # # #.h@.§#
. #. . #.##....#
.#. .#..#.# ..
#.. # ### .# #.##
#


You could see a starcursed mass, a rakshasa and a raiju.

Vanquished Creatures
  Rupert (D:12)
  Roxanne (D:15)
  6 hydras
  Fannar (D:10)
  8 vault guards
  A death knight (D:14)
  2 centaur warriors
  8 two-headed ogres
  Erica (D:9)
  Urug (D:10)
  Sonja (D:10)
  A skeletal warrior (D:9)
  2 large abominations (Abyss:2)
  2 unseen horrors
  5 wizards (D:14)
  2 deep elf magi
  A necromancer (D:8)
  Pikel (D:8)
  11 ugly things
  An orb spider (shapeshifter) (D:14)
  3 manticores
  5 cyclopes
  3 elephants (Lair:3)
  3 black mambas
  A guardian serpent (shapeshifter) (D:15)
  A gargoyle (D:13)
  Psyche (D:9)
  Joseph (D:9)
  A molten gargoyle (D:14)
  A rime drake (Lair:2)
  Maggie (D:9)
  A kobold demonologist (D:14)
  An efreet (Abyss:2)
  3 spiny frogs
  3 komodo dragons
  2 hellwings (Abyss:2)
  A queen bee (D:8)
  3 trolls
  3 tengu conjurers
  A tyrant leech (Lair:2)
  Prince Ribbit (Lair:1)
  A wind drake (shapeshifter) (D:11)
  6 slime creatures
  A hornet (D:13)
  2 raiju (Abyss:2)
  7 blink frogs
  8 hippogriffs
  A centaur simulacrum (D:14)
  4 flying skulls (D:9)
  6 wraiths
  38 yaks
  4 shadows
  3 fire elementals
  6 vampires
  4 wyverns
  4 basilisks
  5 hungry ghosts
  Edmund (D:6)
  2 acid dragons
  4 hell hounds (Abyss:2)
  10 water moccasins
  3 porcupines (Lair:1)
  2 black bears
  10 orc warriors
  2 necrophages
  A swamp drake (D:8)
  2 ice beasts
  4 sky beasts
  3 eyes of draining
  2 phantoms
  8 ogres
  25 centaurs
  9 crocodiles
  A big kobold (D:8)
  19 bullfrogs
  An elf zombie (D:9)
  A wyvern skeleton (D:14)
  A water moccasin skeleton (D:9)
  4 scorpions
  2 troll zombies (D:9)
  13 killer bees
  7 wights
  8 howler monkeys
  2 electric eels (Lair:1)
  9 crimson imps
  3 bullfrog zombies
  8 centaur zombies
  2 lava snakes (D:14)
  3 human zombies (D:9)
  7 hounds
  2 quasits
  2 bullfrog skeletons (D:9)
  15 orc priests
  8 jellies
  6 centaur skeletons
  2 iguanas
  Jessica (D:2)
  22 orc wizards
  6 worker ants
  Ijyb (D:5)
  2 killer bee zombies (D:9)
  4 hound zombies
  2 hound skeletons (D:6)
  2 mummies (D:9)
  A worker ant zombie (D:9)
  A gnoll (D:1)
  19 adders
  3 shadow imps
  An ooze (D:2)
  An adder skeleton (D:9)
  5 adder zombies
  4 worms
  2 dart slugs
  5 leopard geckos
  91 orcs
  2 ball pythons
  4 bats
  2 giant cockroaches (D:2)
  7 goblins
  A hobgoblin (D:3)
  7 jackals
  3 quokkas
  9 frilled lizards
  A jackal zombie (D:9)
  21 kobolds
  A leopard gecko skeleton (D:6)
  An orc skeleton (D:9)
  6 rats
  A fungus (Lair:3)
650 creatures vanquished.

Vanquished Creatures (others)
  A small abomination (Abyss:2)
  An orc wizard (D:11)
  A fungus (Lair:1)
3 creatures vanquished.

Grand Total: 653 creatures vanquished

Notes
Turn   | Place    | Note
-------+----------+-------------------------------------------
     0 | D:1      | Peloso the Minotaur Fighter began the quest for the Orb.
     0 | D:1      | Reached XP level 1. HP: 19/19 MP: 0/0
   302 | D:1      | Reached XP level 2. HP: 27/27 MP: 1/1
   625 | D:1      | Reached skill level 4 in Shields
   948 | D:2      | Reached XP level 3. HP: 22/33 MP: 2/2
  1405 | D:2      | Noticed Jessica
  1432 | D:2      | Killed Jessica
  1432 | D:2      | Reached XP level 4. HP: 32/40 MP: 3/3
  1716 | D:2      | Reached skill level 1 in Dodging
  1997 | D:3      | Found a shimmering altar of Xom.
  2076 | D:3      | Reached XP level 5. HP: 10/46 MP: 4/4
  2082 | D:3      | Reached skill level 5 in Shields
  2806 | D:3      | Found a shimmering altar of Xom.
  2806 | D:3      | Found a shimmering altar of Xom.
  2807 | D:3      | Found a shimmering altar of Xom.
  3458 | D:4      | Reached skill level 6 in Shields
  3458 | D:4      | Reached XP level 6. HP: 37/53 MP: 5/5
  3591 | D:4      | Found Vieschohu's Food Shoppe.
  3611 | D:4      | Found a staircase to the Ecumenical Temple.
  3675 | Temple   | Entered the Ecumenical Temple
  3726 | Temple   | Became a worshipper of Warmaster Okawaru
  3860 | D:4      | Reached skill level 5 in Armour
  4109 | D:5      | Entered Level 5 of the Dungeon
  4280 | D:5      | Reached skill level 7 in Shields
  4280 | D:5      | Reached XP level 7. HP: 59/60 MP: 6/6
  4448 | D:5      | Reached * piety under Okawaru
  5016 | D:5      | Noticed Ijyb
  5023 | D:5      | Killed Ijyb
  5023 | D:5      | Reached skill level 5 in Long Blades
  5192 | D:5      | Reached skill level 1 in Stealth
  5411 | D:6      | Found a sacrificial altar of Ru.
  5496 | D:6      | Reached skill level 5 in Fighting
  5767 | D:6      | Reached XP level 8. HP: 68/68 MP: 7/7
  5836 | D:6      | Reached ** piety under Okawaru
  5882 | D:6      | Noticed Edmund
  5900 | D:6      | Killed Edmund
  6071 | D:6      | Reached skill level 8 in Shields
  6088 | D:6      | Found Souxt's Assorted Antiques.
  6423 | D:7      | Found a sand-covered staircase.
  6648 | D:7      | Reached XP level 9. HP: 75/75 MP: 8/8
  6674 | D:7      | Reached skill level 9 in Shields
  7103 | D:7      | Reached *** piety under Okawaru
  7203 | D:8      | Noticed a queen bee
  7220 | D:8      | Killed a queen bee
  7220 | D:8      | Reached skill level 10 in Shields
  7616 | D:8      | Noticed a komodo dragon
  7629 | D:8      | Killed a komodo dragon
  7629 | D:8      | Reached **** piety under Okawaru
  7629 | D:8      | Reached skill level 1 in Invocations
  7646 | D:8      | Reached skill level 11 in Shields
  7646 | D:8      | Reached XP level 10. HP: 63/84 MP: 9/9
  7746 | D:8      | Found a staircase to the Lair.
  7844 | D:8      | Noticed a two-headed ogre
  7995 | D:8      | Killed a two-headed ogre
  8140 | D:8      | Found a transporter.
  8160 | D:8      | Noticed a moth of wrath
  8171 | D:8      | Found a transporter.
  8176 | D:8      | Found a bloodstained altar of Trog.
  8176 | D:8      | Noticed triki's ghost (novice CeAM)
  8346 | D:8      | Noticed a two-headed ogre
  8357 | D:8      | Killed a two-headed ogre
  8383 | D:8      | Noticed Pikel
  8415 | D:8      | Killed Pikel
  8415 | D:8      | Reached ***** piety under Okawaru
  8415 | D:8      | Reached skill level 12 in Shields
  8643 | D:9      | Noticed a necromancer
  8643 | D:9      | Noticed a skeletal warrior
  8744 | D:9      | Killed a skeletal warrior
  8744 | D:9      | Reached skill level 10 in Long Blades
  9184 | D:9      | Reached XP level 11. HP: 87/92 MP: 11/11
  9347 | D:9      | Found a hazy altar of Hepliaklqana.
  9356 | D:9      | Found a shattered altar of Ashenzari.
  9480 | D:8      | Killed a necromancer
  9480 | D:8      | Received a gift from Okawaru
  9480 | D:8      | Reached skill level 10 in Armour
  9692 | D:9      | Identified the Grimoire of Execration and the Entourage
  9722 | D:9      | Noticed Joseph
  9765 | D:9      | Noticed Erica
  9777 | D:9      | Killed Joseph
  9865 | D:9      | Reached skill level 13 in Shields
  9875 | D:9      | Found Quotalu's Magic Scroll Shoppe.
 10249 | D:9      | Noticed Psyche
 10266 | D:9      | Killed Psyche
 10324 | D:9      | Noticed Maggie
 10338 | D:9      | Killed Maggie
 10371 | D:9      | Killed an unseen horror
 10573 | D:9      | Found a basalt altar of Yredelemnul.
 10773 | D:9      | Bought 2 scrolls of identify for 68 gold pieces
 10780 | D:9      | Bought a scroll of identify for 34 gold pieces
 11077 | D:9      | Found a shimmering blue altar of Sif Muna.
 11168 | D:9      | Found a white marble altar of Elyvilon.
 11174 | D:9      | Found a radiant altar of Vehumet.
 11174 | D:9      | Found an ornate altar of the Wu Jian Council.
 11186 | D:9      | Found a hide-covered altar of Uskayaw.
 11299 | D:9      | Killed Erica
 11341 | D:10     | Entered Level 10 of the Dungeon
 11414 | D:10     | Received a gift from Okawaru
 11663 | D:10     | Noticed Urug
 11679 | D:10     | Killed Urug
 11873 | D:10     | Reached XP level 12. HP: 103/104 MP: 13/13
 11990 | D:10     | Noticed Fannar
 12008 | D:10     | Killed Fannar
 12230 | D:10     | Noticed Sonja
 12236 | D:10     | Killed Sonja
 12733 | D:11     | Noticed a six-headed hydra
 12740 | D:11     | Killed a three-headed hydra
 13033 | D:11     | Found a staircase to the Orcish Mines.
 13187 | D:11     | Reached skill level 14 in Shields
 13200 | D:11     | Found Apoteov's Weapon Emporium.
 13856 | Lair:1   | Entered Level 1 of the Lair of Beasts
 13903 | Lair:1   | Noticed Prince Ribbit
 13940 | Lair:1   | Noticed a seven-headed hydra
 13965 | Lair:1   | Killed a four-headed hydra
 13979 | Lair:1   | Received a gift from Okawaru
 13993 | Lair:1   | Reached skill level 10 in Fighting
 14005 | Lair:1   | Killed Prince Ribbit
 14028 | Lair:1   | Received a gift from Okawaru
 14040 | Lair:1   | Got a fading longbow {god gift}
 15296 | Lair:2   | Reached XP level 13. HP: 93/114 MP: 14/14
 15587 | Lair:2   | Found a staircase to the Swamp.
 16256 | Lair:3   | Received a gift from Okawaru
 16472 | Lair:3   | Reached skill level 15 in Shields
 17298 | D:12     | Noticed Rupert
 17321 | D:12     | Killed Rupert
 17321 | D:12     | Reached skill level 15 in Long Blades
 17609 | D:12     | You fall into a shaft and drop 2 floors!
 17665 | D:14     | Found a gate to the Vaults.
 18392 | D:14     | Reached ****** piety under Okawaru
 18425 | D:13     | Reached skill level 16 in Shields
 18515 | D:14     | Reached XP level 14. HP: 56/126 MP: 12/15
 18936 | D:14     | Received a gift from Okawaru
 19805 | D:14     | Found a sparkling altar of Nemelex Xobeh.
 19845 | D:14     | Found Ziemer's Food Shoppe.
 21331 | D:13     | Reached skill level 17 in Shields
 21365 | D:13     | Identified the +8 longbow "Mabucaek" {freeze, rPois rF-
                  | rN+} (Okawaru gifted it to you on level 1 of the Lair of
                  | Beasts)
 21395 | D:13     | Found a portal to a secret trove of treasure.
 21869 | D:13     | Received a gift from Okawaru
 22146 | D:13     | Found Ricocs's Blood Bar.
 22610 | Trove    | Entered a treasure trove
 22613 | Trove    | Found the +8 storm bow {elec, penet}
 22614 | Trove    | Found the +7 lajatang of Order {silver, rMut}
 22620 | Trove    | Got a translucent double sword
 22621 | Trove    | Identified the +10 double sword "Ukuys" {vorpal, Dex+3
                  | SInv} (You found it in a treasure trove)
 22629 | Trove    | Got a shimmering falchion
 22630 | Trove    | Identified the +1 falchion "Zaucifru" {vamp, MR++ Int+2}
                  | (You found it in a treasure trove)
 22643 | Trove    | Got a shimmering rapier
 22671 | D:13     | Identified the cursed +1 rapier of Yteem {venom, rF+ Int+2
                  | Stlth+} (You found it in a treasure trove)
 22740 | D:15     | Entered Level 15 of the Dungeon
 23435 | D:15     | Reached XP level 15. HP: 136/136 MP: 16/16
 23579 | D:15     | Noticed Roxanne
 23602 | D:15     | Killed Roxanne
 23796 | D:15     | Noticed Louise
 23816 | D:15     | Cast into level 2 of the Abyss (Louise)
 23865 | Abyss:2  | Noticed a bone dragon
 24073 | Abyss:2  | Killed from afar by a starcursed mass

Illustrated notes

Levels and vault maps discovered:
D:1:      lightli_arrival_farm, layout_loops_ring
D:2:      layout_basic, uniq_jessica
D:3:      layout_basic, xom_redecorated
D:4:      layout_loops_cross, minmay_temple_entry_hall, first_ration,
          serial_shops, kennysheep_mini
D:5:      layout_basic, uniq_ijyb
D:6:      layout_basic, lemuel_crystal_altar, serial_shops, shop, uniq_edmund
D:7:      layout_cave_pools, enter_ossuary_3
D:8:      layout_cave_pools, erik_lair_dragon,
          gammafunk_ghost_wrathful_warriors, david_nohive_1, minmay_small_thing,
          uniq_pikel
D:9:      hangedman_screamer, layout_basic, minmay_overflow_temple_star_hex,
          amethyst_overflow_temple_binary, serial_shops,
          nicolae_shop_behind_doors, lemuel_mausoleum_altar_yredelemnul,
          uniq_maggie, uniq_erica, uniq_joseph, uniq_psyche
D:10:     layout_basic, uniq_urug, uniq_sonja, uniq_fannar
D:11:     layout_gridville, hiddenorc2_lemuel, serial_shops, shop
D:12:     layout_rooms, special_room [special_room_orc], uniq_rupert
D:13:     layout_basic, enter_trove_0, guppyfry_shop_blood
D:14:     minmay_wizard_corner, layout_cave_pools, erik_vaults_2, serial_shops,
          shop, kennysheep_boxes, nemelex_diamond_rough_becter
D:15:     grunt_enter_depths_magical_seal, layout_loops_cross,
          chequers_serial_rivers_large_a, uniq_louise, uniq_roxanne
Temple:   nicolae_temple_figure_eight
Lair:1:   layout_chaotic_city, chequers_serial_rivers_marsh, grunt_megastairs_2,
          serial_bayou_shore_a, uniq_prince_ribbit2
Lair:2:   layout_cave_pods, minmay_swamp_entry_worms, serial_bayou_shore_b,
          grunt_megastairs_1
Lair:3:   layout_gridlike
Abyss:2:  base:
Lair:3

Skill      XL: |  1  2  3  4  5  6  7  8  9 10 11 12 13 14 |
---------------+-------------------------------------------+-----
Fighting       | 4 5 6 7 9 10 12 13 | 13.3
Armour         | 4 5 6 8 9 10 11 12 13 | 13.7
Shields        | 4 6 7 8 11 12 13 14 16 17 | 17.9
Long Blades    | 3 4 5 7 8 10 12 14 15 16 | 16.4
Dodging        | 1 2 3 4 |  4.0
Stealth        | 1 2 |  2.4
Invocations    | 1 2 3 |  3.8
Unarmed Combat | |  0.6
Evocations     | |  0.5

Action                   |  1- 3 |  4- 6 |  7- 9 | 10-12 | 13-15 || total
-------------------------+-------+-------+-------+-------+-------++-------
Melee: Long sword        |   113 |    97 |       |       |       ||   210
       Headbutt          |    20 |    38 |    86 |   223 |   243 ||   610
       Falchion          |       |    94 |   448 |   559 |       ||  1101
       Scimitar          |       |       |       |   398 |   736 ||  1134
       Double sword      |       |       |       |       |   162 ||   162
       Unarmed           |       |       |       |       |    12 ||    12
Invok: Heroism           |       |       |     5 |    23 |    14 ||    42
Evoke: Wand              |       |       |       |     2 |     5 ||     7
  Use: Scroll            |     2 |     2 |     5 |    14 |    11 ||    34
       Potion            |       |     2 |     1 |     4 |     3 ||    10
 Stab: Paralysed         |       |       |       |     2 |       ||     2
  Eat: Chunk             |     2 |     9 |    13 |    22 |    26 ||    72
       Ration            |       |       |       |     2 |     1 ||     3
Armor: Scale mail        |    60 |    39 |       |       |       ||    99
       Chain mail        |       |    73 |    35 |       |       ||   108
       Plate armour      |       |       |   198 |   251 |   237 ||   686
Dodge: Dodged            |    32 |    69 |   126 |   360 |   263 ||   850
Block: Kite shield       |    65 |   127 |   334 |   567 |   238 ||  1331
       Tower shield      |       |       |       |       |   508 ||   508
       Reflection        |       |       |       |       |    10 ||    10
       Rpst.: Long sword |    10 |    12 |       |       |       ||    22
       Falchion          |       |     7 |    35 |    28 |       ||    70
       Scimitar          |       |       |       |    40 |    56 ||    96
       Double sword      |       |       |       |       |     5 ||     5
